 Dungeon Crawl Stone Soup version 0.25-a0-665-ga69d64035b (webtiles) character file.

Game seed: 7641502154983753257, levelgen mode: deterministic

1848 KiliKikkendorf the Poker (level 8, -6/70 HPs)
             Began as a Minotaur Fighter on Mar 26, 2020.
             Was a Follower of Okawaru.
             Killed from afar by a centaur zombie (22 damage)
             ... with an exploding inner flame
             ... hexed by the player character
             ... in an ossuary.
             The game lasted 00:34:20 (5553 turns).

KiliKikkendorf the Poker (Minotaur Fighter)         Turns: 5553, Time: 00:34:20

Health: -6/70      AC: 15    Str: 25    XL:     8   Next: 88%
Magic:  6/7        EV:  6    Int:  5    God:    Okawaru [*.....]
Gold:   315        SH: 11    Dex: 12    Spells: 7/7 levels left

rFire    . . .     SeeInvis .   a - +1 trident
rCold    . . .     Gourm    +   c - +0 kite shield
rNeg     . . .     Faith    .   p - +1 plate armour
rPois    .         Spirit   .   A - +0 hat
rElec    .         Reflect  .   w - +0 cloak
rCorr    .         Harm     .   (no gloves)
MR       .....                  (no boots)
Stlth    ..........             r - amulet of the gourmand
HPRegen  0.21/turn              i - +4 ring of strength
MPRegen  0.10/turn              (no ring)

@: marked
A: retaliatory headbutt, horns 2
a: Heroism, Renounce Religion


You were in an ossuary.
You worshipped Okawaru.
Okawaru was aware of your devotion.
You were not hungry.

You visited 1 branch of the dungeon, and saw 6 of its levels.
You also visited: Ossuary.

You collected 315 gold pieces.

Inventory:

Hand Weapons
 a - a +1 trident (weapon)
 b - a +2 antimagic flail
 q - a +1 flail of holy wrath
 s - a +2 mace of holy wrath
 u - a +0 hand crossbow
Missiles
 d - 5 boomerangs
 h - 20 poisoned darts (quivered)
Armour
 c - a +0 kite shield (worn)
 g - a +0 leather armour
 p - a +1 plate armour (worn)
 w - a +0 cloak (worn)
 A - a +0 hat (worn)
Jewellery
 i - a +4 ring of strength (left hand)
 r - an amulet of the gourmand (around neck)
Wands
 m - a wand of flame (7)
 x - a wand of disintegration (17)
 y - a wand of digging (6)
 B - a wand of enslavement (7)
Scrolls
 e - 3 scrolls of fog
 j - 5 scrolls of identify
 l - a scroll of remove curse
 v - a scroll of enchant armour
 C - a scroll of noise {unknown}
Potions
 k - 4 potions of brilliance
 n - a potion of curing
 t - a potion of haste {unknown}
 z - a potion of mutation {unknown}
Comestibles
 f - 8 rations


   Skills:
 + Level 5.7 Fighting
 + Level 7.4 Polearms
 + Level 3.4 Throwing
 + Level 6.3 Armour
 + Level 1.1 Dodging
 + Level 0.5 Stealth
 + Level 7.0 Shields
 + Level 5.0 Unarmed Combat


You had 7 spell levels left.
You didn't know any spells.
Your spell library was empty.

Dungeon Overview and Level Annotations

Branches:
Dungeon (6/15)             Temple (0/1) D:5         Ossuary (1/1)

Altars:
Cheibriados
Hepliaklqana
Okawaru
Trog
Uskayaw

Shops:
D:4 *

Annotations:
D:4 Eustachio


Innate Abilities, Weirdness & Mutations

You reflexively headbutt those who attack you in melee.
You have a pair of horns on your head.


Message History

The fiery explosion engulfs the hobgoblin zombie!
The hobgoblin zombie explodes!
The fiery explosion engulfs the hobgoblin zombie!!
The hobgoblin zombie explodes!
The fiery explosion engulfs the hobgoblin zombie!!!
The hobgoblin zombie explodes!
The fiery explosion engulfs the centaur zombie!!
Flame seeps out of the centaur zombie.
The centaur zombie is almost destroyed.
You hear an explosion!
The fiery explosion engulfs the centaur zombie!
The centaur zombie explodes!
Okawaru accepts your kill. x2
You feel a bit more experienced. Okawaru accepts your kill.
The fiery explosion engulfs the mummy!!
The mummy is burned terribly!
You destroy the mummy!
Okawaru accepts your kill. The fiery explosion engulfs you!!
You die...

######### #
###########.#@#.#.#.#.#.#
##.ZZZ..Z§§§§°§M.....^....
#ZZZZ....§§§§§Z.....^.....
#..Z..∩.∩..§§§......^^....
#...........^........^.^..
##................^...^.^.
###########.#.#.#.#.#.#.#
############# #


You could see a mummy, a hobgoblin zombie (inner flame) and a centaur zombie
(inner flame).

Vanquished Creatures
  Sigmund (D:3)
  Menkaure (D:5)
  2 ice beasts (D:5)
  3 phantoms (D:5)
  A crocodile (D:5)
  A centaur (D:5)
  2 bullfrogs (D:6)
  2 scorpions
  A howler monkey (D:4)
  A crimson imp (D:5)
  2 centaur zombies (Ossuary)
  An orc priest (D:3)
  A hound (D:4)
  2 orc wizards
  Terence (D:3)
  Jessica (D:2)
  2 worker ants
  A big kobold zombie (Ossuary)
  5 mummies (Ossuary)
  Robin (D:3)
  A gnoll (D:4)
  9 adders
  A shadow imp (D:6)
  5 oozes
  2 adder zombies (D:5)
  8 worms
  3 dart slugs
  3 leopard geckos
  23 orcs
  A ball python (D:1)
  7 bats
  5 giant cockroaches
  13 goblins
  11 hobgoblins
  5 jackals
  2 quokkas
  9 frilled lizards
  3 hobgoblin zombies (Ossuary)
  9 kobolds
  A leopard gecko skeleton (D:5)
  A quokka skeleton (D:4)
  13 rats
167 creatures vanquished.

Notes
Turn   | Place    | Note
-------+----------+-------------------------------------------
     0 | D:1      | KiliKikkendorf the Minotaur Fighter began the quest for the
                  | Orb.
     0 | D:1      | Reached XP level 1. HP: 19/19 MP: 0/0
    85 | D:1      | Reached XP level 2. HP: 27/27 MP: 1/1
   235 | D:1      | Reached XP level 3. HP: 28/33 MP: 2/2
  1117 | D:2      | Noticed Jessica
  1126 | D:2      | Killed Jessica
  1126 | D:2      | Reached skill level 1 in Unarmed Combat
  1126 | D:2      | Reached XP level 4. HP: 21/41 MP: 3/3
  1645 | D:3      | Found a bloodstained altar of Trog.
  1724 | D:3      | Reached XP level 5. HP: 34/47 MP: 4/4
  2025 | D:3      | Noticed Sigmund
  2057 | D:3      | Killed Sigmund
  2057 | D:3      | Reached XP level 6. HP: 26/53 MP: 5/5
  2224 | D:3      | Found a snail-covered altar of Cheibriados.
  2226 | D:3      | Found a hide-covered altar of Uskayaw.
  2267 | D:3      | Noticed Terence
  2282 | D:3      | Killed Terence
  2300 | D:3      | Reached skill level 5 in Polearms
  2330 | D:3      | Reached skill level 5 in Shields
  2332 | D:3      | Reached skill level 5 in Armour
  2334 | D:3      | Reached skill level 1 in Throwing
  2361 | D:3      | Noticed Robin
  2396 | D:3      | Killed Robin
  2726 | D:4      | Reached XP level 7. HP: 60/60 MP: 6/6
  2926 | D:4      | Found an iron altar of Okawaru.
  2950 | D:4      | Became a worshipper of Warmaster Okawaru
  2981 | D:4      | Found a hazy altar of Hepliaklqana.
  3225 | D:4      | Found Plog's General Store.
  3363 | D:5      | Entered Level 5 of the Dungeon
  3368 | D:5      | Noticed Eustachio
  3958 | D:5      | Reached skill level 5 in Fighting
  4037 | D:5      | Reached XP level 8. HP: 49/68 MP: 7/7
  4232 | D:5      | Reached * piety under Okawaru
  4232 | D:5      | Reached skill level 1 in Dodging
  4335 | D:5      | Found a staircase to the Ecumenical Temple.
  4451 | D:5      | Reached skill level 5 in Unarmed Combat
  4543 | D:5      | Noticed Menkaure
  4556 | D:5      | Killed Menkaure
  5511 | D:6      | Found a sand-covered staircase.
  5518 | Ossuary  | Entered an ossuary
  5553 | Ossuary  | Killed from afar by a centaur zombie

Levels and vault maps discovered:
D:1:      dpeg_arrival_water_temple_mockup, layout_loops_ring,
          minmay_octomino_j4
D:2:      layout_loops_cross, uniq_jessica
D:3:      layout_basic, bloody_trog, nicolae_overflow_hidden_temple,
          uniq_sigmund, uniq_terence, uniq_robin
D:4:      layout_cave_pools, okawaru_altar_gauntlet_db,
          lemuel_coloured_pillars_altar, first_ration, serial_shops, shop
D:5:      layout_loops_ring, temple_pool_b, kennysheep_generic_room_13,
          uniq_eustachio, uniq_menkaure
D:6:      layout_cave_pools, enter_ossuary_1
Ossuary:  ossuary_the_hunt_dpeg

Skill      XL: |  1  2  3  4  5  6  7  8 |
---------------+-------------------------+-----
Fighting       | 4 5 |  5.7
Armour         | 4 5 6 |  6.3
Polearms       | 3 4 5 6 7 |  7.4
Shields        | 4 5 6 7 |  7.0
Unarmed Combat | 1 2 3 4 5 |  5.0
Throwing       | 1 3 |  3.4
Dodging        | 1 |  1.1
Stealth        | |  0.5

Action                   |  1- 3 |  4- 6 |  7- 9 || total
-------------------------+-------+-------+-------++-------
Melee: Trident           |   117 |   192 |   278 ||   587
       Headbutt          |    13 |    38 |    56 ||   107
Throw: Dart              |       |    12 |    28 ||    40
       Boomerang         |       |       |    23 ||    23
Invok: Heroism           |       |       |     1 ||     1
Evoke: Wand              |       |       |     2 ||     2
  Use: Scroll            |     2 |       |     7 ||     9
       Potion            |       |     2 |     2 ||     4
  Eat: Chunk             |       |     6 |    11 ||    17
       Ration            |       |       |     1 ||     1
Armor: Scale mail        |    49 |     9 |       ||    58
       Plate armour      |       |    83 |   151 ||   234
Dodge: Dodged            |    31 |    37 |    45 ||   113
Block: Kite shield       |    56 |    97 |   145 ||   298

Table legend:
 A = Non-vault XP
 B = Vault XP
 C = Vault XP percentage of total XP
 D = Non-vault monster count
 E = Vault monster count
 F = Vault count percentage of total count
                 A         B        C        D         E       F
            +---------+---------+-------+---------+---------+-------
      Total |    1872 |     768 |  29.1 |     130 |      37 |  22.2
            +---------+---------+-------+---------+---------+-------
        D:1 |      54 |       5 |   8.5 |      30 |       3 |   9.1
        D:2 |      91 |      37 |  28.9 |      19 |       1 |   5.0
        D:3 |     203 |     316 |  60.9 |      34 |      14 |  29.2
        D:4 |     293 |      25 |   7.9 |      20 |       6 |  23.1
        D:5 |    1028 |     178 |  14.8 |      20 |       2 |   9.1
        D:6 |     203 |       0 |   0.0 |       7 |       0 |   0.0
    Ossuary |       0 |     207 | 100.0 |       0 |      11 | 100.0
            +---------+---------+-------+---------+---------+-------
